 Dungeon Crawl Stone Soup version 0.21-a0-630-g344d3514eb (webtiles) character file.

15 Cheet4h the Skirmisher (level 2, -1/26 HPs)
             Began as a Draconian Fighter on Dec 25, 2017.
             Slain by an orc wizard
             ... wielding a +0 dagger
              (4 damage)
             ... on level 2 of the Dungeon.
             The game lasted 00:01:23 (797 turns).

Cheet4h the Skirmisher (Draconian Fighter)           Turns: 797, Time: 00:01:23

Health: -1/26      AC:  4    Str: 18    XL:     2   Next: 34%
Magic:  2/2        EV: 10    Int:  8    God:
Gold:   54         SH:  8    Dex: 10    Spells: 1/1 levels left

rFire    . . .     SeeInvis .   a - +0 long sword
rCold    . . .     Gourm    .   b - +0 shield
rNeg     . . .     Faith    .   (armour unavailable)
rPois    .         Spirit   .   (helmet restricted)
rElec    .         Reflect  .   (no cloak)
rCorr    .         Harm     .   (no gloves)
MR       .....                  (no boots)
Stlth    +.........             (no amulet)
HPRegen  0.08/turn              e - ring of flight
MPRegen  0.08/turn              (no ring)

@: no status effects
A: unfitting armour, cold-blooded, AC +4
a: Evoke Flight


You were on level 2 of the Dungeon.
You were not hungry.

You visited 1 branch of the dungeon, and saw 2 of its levels.

You collected 54 gold pieces.

Inventory:

Hand Weapons
 a - a +0 long sword (weapon)
Armour
 b - a +0 shield (worn)
Jewellery
 e - a ring of flight (left hand)
Scrolls
 g - 2 scrolls of immolation {unknown}
Potions
 c - a potion of might
 f - a potion of brilliance {unknown}
Comestibles
 d - 2 rations


   Skills:
 * Level 3.5 Fighting
 * Level 2.3 Long Blades
 * Level 2.9 Dodging
 + Level 3.1 Shields


You had one spell level left.
You didn't know any spells.

Dungeon Overview and Level Annotations

Branches:
Dungeon (2/15)

Altars:
Cheibriados


Innate Abilities, Weirdness & Mutations

Your plain brown scales are hard. (AC +4)
You cannot fit into any form of body armour.
You are cold-blooded and may be slowed by cold attacks.


Message History

The orc hits you with a trident.
The orc wizard hits you but does no damage.
The orc hits you from afar with a trident.
An orc comes into view. It is wielding a short sword.
There is an open door here.
The orc wizard mumbles some strange words.
The orc wizard flickers and vanishes!
Something hits you but does no damage.
You closely miss something. Something hits you but does no damage.
You barely miss something.
You hear some strange, mumbled words.
A puff of flame appears from out of thin air!
The puff of flame hits you!
You miss something. Something hits you.
* * * LOW HITPOINT WARNING * * *
Something hits you.
* * * LOW HITPOINT WARNING * * *
You barely miss something. You block something's attack.
You closely miss something. Something hits you.
You die...

..###.#.##.# # #.##.#
# #.##.# .# # #....##
#o## #.#.##..# #...##
#.......# #.....#
###.#.#.# ##.......
#####...####........
..........@{{o.......
######...####.......#
##.## ##......# #.#
#.....# #.# #....#
#.# #+#.+ #.# ### ###
#. ..###.# # #....
..#


You could see an orc.

Vanquished Creatures
  A worm (D:2)
  A dart slug (D:2)
  A ball python (D:2)
  A bat (D:2)
  2 giant cockroaches (D:1)
  2 kobolds
  A rat (D:1)
9 creatures vanquished.

Notes
Turn   | Place    | Note
-------+----------+-------------------------------------------
     0 | D:1      | Cheet4h the Draconian Fighter began the quest for the Orb.
     0 | D:1      | Reached XP level 1. HP: 19/19 MP: 1/1
   619 | D:2      | Reached XP level 2. HP: 26/26 MP: 2/2
   717 | D:2      | Found a snail-covered altar of Cheibriados.
   797 | D:2      | Slain by an orc wizard

Vault maps used:
D:1:      dpeg_arrival_solitude
D:2:      zin_treasury, chequers_ecumenical_altar_twisty,
          hangedman_decor_slide_cut, minmay_splitting_lines,
          grunt_decor_arrowhead, kennysheep_slug_shrine

Action                   || total
-------------------------++-------
Melee: Long sword        ||    33
       Tailslap          ||     4
  Use: Scroll            ||     2
 Stab: Sleeping          ||     1
Armor: Skin              ||     7
Dodge: Dodged            ||    10
Block: Shield            ||    14
       Rpst.: Long sword ||     5

Table legend:
 A = Spawn XP
 B = Non-spawn XP
 C = Spawn XP percentage of total XP
 D = Spawn monster count
 E = Non-spawn monster count
 F = Spawn count percentage of total count
 G = Total turns spent on level
                    A         B        C        D         E        F      G
               +---------+---------+-------+---------+---------+-------+---------
         Total |       0 |      22 |   0.0 |       0 |       9 |   0.0 |   797
               +---------+---------+-------+---------+---------+-------+---------
           D:1 |       0 |       7 |   0.0 |       0 |       4 |   0.0 |   588
           D:2 |       0 |      15 |   0.0 |       0 |       5 |   0.0 |   209
               +---------+---------+-------+---------+---------+-------+---------
